[ AOE2 MATCH · #481407938 ]
UnrankedPortuguese vs Lithuanians
[ REPLAY ANALYSIS · EXTRACTED FROM THE RECORDED GAME ]
Feudal
13:30
Castle
17:27
Imperial
21:36
| APM avg | 24.0 |
| APM peak | 59 |
| eAPM avg | 13.8 |
| Villagers / military | 43 / 236 |
Focus
⚔️ 50.1% · 🌾 49.9%
Hand Cannoneer ×117 · Spearman ×45 · Organ Gun ×24 · Skirmisher ×21 · Bombard Cannon ×12 · Trebuchet (Packed) ×8
Feudal
12:45
Castle
21:41
Imperial
53:22
| APM avg | 25.9 |
| APM peak | 86 |
| eAPM avg | 15.2 |
| Villagers / military | 88 / 253 |
Focus
⚔️ 30.2% · 🌾 69.8%
Spearman ×130 · Skirmisher ×113 · Battering Ram ×10 · Trade Cart ×9
Feudal
11:09
Castle
19:24
Imperial
35:42
| APM avg | 14.2 |
| APM peak | 58 |
| eAPM avg | 10.9 |
| Villagers / military | 114 / 342 |
Focus
⚔️ 40.7% · 🌾 59.3%
Spearman ×124 · Woad Raider ×104 · Knight ×84 · Battering Ram ×18 · Trade Cart ×15 · Petard ×6
Feudal
10:30
Castle
18:00
Imperial
36:52
| APM avg | 10.7 |
| APM peak | 39 |
| eAPM avg | 9.1 |
| Villagers / military | 84 / 201 |
Focus
⚔️ 31.3% · 🌾 68.7%
Woad Raider ×102 · Spearman ×53 · Battering Ram ×22 · Scorpion ×12 · Mangonel ×11 · Trade Cart ×8
Feudal
11:52
Castle
17:02
Imperial
49:27
| APM avg | 32.6 |
| APM peak | 80 |
| eAPM avg | 24.3 |
| Villagers / military | 223 / 208 |
Focus
⚔️ 31.5% · 🌾 68.5%
Spearman ×90 · Knight ×88 · Trade Cart ×40 · Mangonel ×14 · Throwing Axeman ×8 · Scout Cavalry ×5
Feudal
11:57
Castle
20:14
Imperial
37:38
| APM avg | 27.2 |
| APM peak | 110 |
| eAPM avg | 13.6 |
| Villagers / military | 146 / 537 |
Focus
⚔️ 46.8% · 🌾 53.2%
Spearman ×412 · Longbowman ×125 · Trade Cart ×6
Feudal
9:42
Castle
17:43
Imperial
40:44
| APM avg | 18.4 |
| APM peak | 65 |
| eAPM avg | 13.4 |
| Villagers / military | 107 / 226 |
Focus
⚔️ 27.7% · 🌾 72.3%
Camel Scout ×170 · Ghulam ×41 · Trade Cart ×22 · Mangonel ×10 · Bombard Cannon ×3 · Scorpion ×2
Feudal
12:33
Castle
17:21
Imperial
36:04
| APM avg | 16.4 |
| APM peak | 39 |
| eAPM avg | 10.5 |
| Villagers / military | 115 / 372 |
Focus
⚔️ 35.1% · 🌾 64.9%
Leitis ×188 · Skirmisher ×134 · Militia ×30 · Bombard Cannon ×7 · Spearman ×5 · Monk ×4
Match map
Initial resources + every placement click. Lines = walls · curves = elevation contours. ◆ gold · ⬟ stone · ● berries · ✦ relic · ◌ wall gap
Your base· ✓ Closed at 17:27 · 0t walls · 2 gate(s)
-=Kristallin=-'s base· ✓ Closed at 21:41 · 0t walls · 3 gate(s)
Hamza Khan's base· ✓ Closed at 19:24 · 0t walls · 2 gate(s)
Laboule's base· ✓ Closed at 18:00 · 0t walls · 3 gate(s)
RedReddington's base· ✓ Closed at 17:02 · 0t walls · 3 gate(s)
p.bro's base· ✓ Closed at 20:14 · 0t walls · 2 gate(s)
kriss1511's base· ✓ Closed at 17:43 · 0t walls · 2 gate(s)
slotti's base· ✓ Closed at 17:21 · 0t walls · 3 gate(s)
Smoothed initial terrain · ◌ = detected wall gap · hover for details
Inputs per minute
— Boyka - - -=Kristallin=-
Build order — Boyka
First 150 of 413 actions detected
| 0:02 | Create | Villager (Male) |
| 0:02 | Create | Villager (Male) |
| 0:02 | Create | Villager (Male) |
| 0:06 | Build | House |
| 0:10 | Build | House |
| 0:20 | Create | Villager (Male) |
| 0:21 | Create | Villager (Male) |
| 1:34 | Create | Villager (Male) |
| 1:34 | Create | Villager (Male) |
| 2:10 | Create | Villager (Male) |
| 2:10 | Create | Villager (Male) |
| 2:38 | Create | Villager (Male) |
| 2:38 | Create | Villager (Male) |
| 2:43 | Create | Villager (Male) |
| 2:43 | Create | Villager (Male) |
| 3:15 | Build | House |
| 3:18 | Create | Villager (Male) |
| 3:36 | Create | Villager (Male) |
| 3:41 | Create | Villager (Male) |
| 4:15 | Create | Villager (Male) |
| 4:46 | Create | Villager (Male) |
| 5:04 | Build | Lumber Camp |
| 5:10 | Create | Villager (Male) |
| 5:31 | Create | Villager (Male) |
| 6:09 | Build | House |
| 6:12 | Create | Villager (Male) |
| 6:43 | Create | Villager (Male) |
| 6:59 | Build | House |
| 7:06 | Create | Villager (Male) |
| 7:27 | Build | Mill |
| 7:36 | Create | Villager (Male) |
| 7:37 | Create | Villager (Male) |
| 8:19 | Create | Villager (Male) |
| 8:52 | Create | Villager (Male) |
| 9:36 | Build | Farm |
| 9:40 | Create | Villager (Male) |
| 9:41 | Create | Villager (Male) |
| 10:18 | Build | Mining Camp |
| 10:24 | Create | Villager (Male) |
| 10:29 | Build | Farm |
| 10:31 | Build | Farm |
| 10:32 | Build | Farm |
| 10:37 | Build | Farm |
| 10:38 | Build | Farm |
| 10:40 | Build | Farm |
| 10:55 | Create | Villager (Male) |
| 11:15 | Research | Feudal Age |
| 11:29 | Build | House |
| 12:05 | Build | House |
| 12:34 | Build | House |
| 13:00 | Create | Villager (Male) |
| 13:14 | Build | House |
| 13:30 | Age | Feudal Age |
| 13:34 | Build | Market |
| 13:47 | Build | Blacksmith |
| 14:31 | Build | Farm |
| 14:32 | Build | Farm |
| 14:33 | Build | Farm |
| 14:36 | Build | Farm |
| 14:47 | Research | Castle Age |
| 15:07 | Build | Mining Camp |
| 17:27 | Age | Castle Age |
| 17:33 | Build | Monastery |
| 17:40 | Build | University |
| 18:01 | Build | House |
| 18:26 | Research | Imperial Age |
| 18:50 | Build | House |
| 18:51 | Build | House |
| 18:53 | Build | House |
| 18:54 | Build | House |
| 18:56 | Build | House |
| 19:33 | Create | Monk |
| 20:17 | Build | Barracks |
| 20:33 | Research | Loom |
| 21:24 | Build | House |
| 21:25 | Build | House |
| 21:26 | Build | House |
| 21:36 | Age | Imperial Age |
| 21:42 | Build | Feitoria |
| 21:56 | Build | Archery Range |
| 21:58 | Build | Archery Range |
| 22:02 | Build | Archery Range |
| 22:48 | Build | House |
| 22:51 | Research | Chemistry |
| 23:17 | Build | Feitoria |
| 23:32 | Build | House |
| 23:33 | Build | House |
| 23:34 | Build | House |
| 23:35 | Build | House |
| 24:24 | Build | Siege Workshop |
| 24:28 | Create | Hand Cannoneer |
| 24:29 | Create | Hand Cannoneer |
| 24:55 | Build | Feitoria |
| 25:29 | Create | Scorpion |
| 25:32 | Create | Hand Cannoneer |
| 25:32 | Create | Hand Cannoneer |
| 25:33 | Create | Hand Cannoneer |
| 25:52 | Create | Scorpion |
| 26:15 | Create | Hand Cannoneer |
| 26:15 | Create | Hand Cannoneer |
| 26:15 | Create | Hand Cannoneer |
| 26:39 | Create | Bombard Cannon |
| 27:34 | Build | Castle |
| 27:53 | Create | Bombard Cannon |
| 27:56 | Create | Hand Cannoneer |
| 27:56 | Create | Hand Cannoneer |
| 28:09 | Build | Feitoria |
| 28:23 | Create | Scorpion |
| 29:00 | Create | Bombard Cannon |
| 29:05 | Build | House |
| 29:06 | Build | House |
| 29:07 | Build | House |
| 29:07 | Build | House |
| 29:55 | Research | Wheelbarrow |
| 30:01 | Build | Feitoria |
| 30:28 | Build | Archery Range |
| 30:57 | Create | Hand Cannoneer |
| 30:57 | Create | Hand Cannoneer |
| 30:57 | Create | Hand Cannoneer |
| 30:57 | Create | Hand Cannoneer |
| 30:58 | Create | Hand Cannoneer |
| 30:58 | Create | Hand Cannoneer |
| 30:58 | Create | Hand Cannoneer |
| 32:28 | Research | Arquebus |
| 32:29 | Create | Organ Gun |
| 32:29 | Create | Organ Gun |
| 32:39 | Build | Archery Range |
| 32:49 | Create | Hand Cannoneer |
| 32:49 | Create | Hand Cannoneer |
| 32:49 | Create | Hand Cannoneer |
| 32:50 | Create | Hand Cannoneer |
| 33:13 | Build | House |
| 33:14 | Build | House |
| 33:14 | Build | House |
| 33:14 | Build | House |
| 33:15 | Build | House |
| 33:15 | Build | House |
| 33:16 | Build | House |
| 33:30 | Build | Siege Workshop |
| 33:47 | Create | Trebuchet (Packed) |
| 34:25 | Build | Archery Range |
| 34:29 | Create | Hand Cannoneer |
| 34:29 | Create | Hand Cannoneer |
| 34:43 | Build | Mining Camp |
| 34:54 | Build | Mining Camp |
| 35:01 | Build | House |
| 35:01 | Build | House |
| 35:01 | Build | House |
| 35:01 | Build | House |
| 35:01 | Build | House |
Build order — -=Kristallin=-
First 150 of 356 actions detected
| 0:09 | Build | House |
| 0:10 | Build | House |
| 0:11 | Build | House |
| 0:22 | Create | Villager (Male) |
| 0:22 | Create | Villager (Male) |
| 0:23 | Create | Villager (Male) |
| 0:38 | Create | Villager (Male) |
| 0:39 | Create | Villager (Male) |
| 1:12 | Create | Villager (Male) |
| 1:31 | Build | House |
| 2:01 | Create | Villager (Male) |
| 2:14 | Build | House |
| 2:19 | Create | Villager (Male) |
| 2:47 | Create | Villager (Male) |
| 3:18 | Create | Villager (Male) |
| 3:54 | Create | Villager (Male) |
| 4:25 | Build | Lumber Camp |
| 4:27 | Create | Villager (Male) |
| 4:48 | Create | Villager (Male) |
| 4:49 | Create | Villager (Male) |
| 5:28 | Build | Mill |
| 5:33 | Create | Villager (Male) |
| 5:34 | Create | Villager (Male) |
| 5:52 | Create | Villager (Male) |
| 6:25 | Create | Villager (Male) |
| 6:41 | Create | Villager (Male) |
| 7:22 | Build | Farm |
| 7:27 | Build | Farm |
| 7:44 | Build | Farm |
| 8:06 | Build | Farm |
| 8:23 | Create | Villager (Male) |
| 8:25 | Create | Villager (Male) |
| 8:30 | Build | Farm |
| 8:43 | Create | Villager (Male) |
| 9:25 | Create | Villager (Male) |
| 9:28 | Create | Villager (Male) |
| 10:14 | Build | House |
| 10:16 | Build | House |
| 10:32 | Create | Villager (Male) |
| 10:35 | Research | Feudal Age |
| 10:36 | Research | Feudal Age |
| 10:36 | Create | Villager (Male) |
| 10:36 | Create | Villager (Male) |
| 10:38 | Create | Villager (Male) |
| 11:08 | Build | Barracks |
| 11:19 | Create | Villager (Male) |
| 11:37 | Build | House |
| 11:38 | Build | House |
| 12:22 | Build | Barracks |
| 12:28 | Build | House |
| 12:32 | Create | Villager (Male) |
| 12:45 | Age | Feudal Age |
| 12:54 | Build | Mining Camp |
| 12:56 | Create | Villager (Male) |
| 13:03 | Build | House |
| 13:05 | Build | House |
| 13:07 | Create | Villager (Male) |
| 13:16 | Research | Double-Bit Axe |
| 13:18 | Research | Horse Collar |
| 13:38 | Build | Farm |
| 13:42 | Build | Farm |
| 13:43 | Create | Villager (Male) |
| 13:55 | Build | Archery Range |
| 14:09 | Create | Villager (Male) |
| 14:13 | Build | Farm |
| 14:14 | Create | Villager (Male) |
| 14:21 | Build | House |
| 14:23 | Create | Villager (Male) |
| 14:45 | Build | House |
| 14:57 | Build | Archery Range |
| 15:22 | Build | House |
| 15:23 | Build | House |
| 15:25 | Build | House |
| 15:35 | Create | Villager (Male) |
| 15:51 | Build | Farm |
| 16:02 | Build | Archery Range |
| 16:14 | Create | Spearman |
| 16:15 | Create | Spearman |
| 16:32 | Create | Villager (Male) |
| 16:37 | Build | Farm |
| 17:08 | Build | Blacksmith |
| 17:21 | Create | Villager (Male) |
| 18:20 | Build | Market |
| 18:33 | Create | Skirmisher |
| 18:33 | Create | Skirmisher |
| 18:33 | Create | Skirmisher |
| 18:51 | Build | Mining Camp |
| 18:55 | Create | Spearman |
| 18:55 | Create | Spearman |
| 18:59 | Create | Villager (Male) |
| 19:00 | Research | Castle Age |
| 19:02 | Create | Villager (Male) |
| 19:02 | Create | Villager (Male) |
| 19:16 | Build | Lumber Camp |
| 19:22 | Create | Skirmisher ×3 |
| 19:22 | Create | Skirmisher ×3 |
| 19:25 | Create | Spearman ×2 |
| 19:38 | Build | Farm |
| 19:57 | Create | Skirmisher ×4 |
| 20:00 | Create | Spearman |
| 20:06 | Create | Spearman ×2 |
| 20:15 | Research | Wheelbarrow |
| 21:41 | Age | Castle Age |
| 22:12 | Build | Siege Workshop |
| 22:14 | Build | Siege Workshop |
| 22:16 | Create | Spearman ×5 |
| 22:16 | Create | Spearman ×5 |
| 22:28 | Research | Padded Archer Armor |
| 22:39 | Create | Villager (Male) |
| 22:39 | Create | Villager (Male) |
| 22:40 | Create | Villager (Male) |
| 22:40 | Create | Villager (Male) |
| 22:50 | Create | Spearman |
| 22:50 | Create | Spearman |
| 22:57 | Create | Battering Ram ×4 |
| 23:25 | Research | Bow Saw |
| 23:32 | Create | Battering Ram |
| 23:43 | Create | Spearman |
| 24:22 | Build | Town Center |
| 26:47 | Build | Outpost |
| 27:05 | Build | Town Center |
| 27:18 | Build | Outpost |
| 27:29 | Research | Caravan |
| 27:32 | Research | Leather Archer Armor |
| 28:15 | Build | Monastery |
| 29:58 | Build | Farm |
| 29:59 | Build | Farm |
| 30:02 | Build | Farm |
| 30:04 | Build | Farm |
| 30:14 | Build | Mill |
| 30:16 | Build | Farm |
| 30:18 | Build | Farm |
| 30:19 | Build | Farm |
| 30:20 | Build | Farm |
| 30:21 | Build | Farm |
| 30:22 | Build | Farm |
| 30:31 | Create | Villager (Male) |
| 30:31 | Create | Villager (Male) |
| 30:32 | Create | Villager (Male) |
| 30:43 | Build | House |
| 30:44 | Build | House |
| 31:24 | Build | House |
| 31:25 | Build | House |
| 31:26 | Build | House |
| 31:27 | Build | House |
| 31:54 | Build | Farm |
| 32:07 | Build | Farm |
| 32:15 | Build | Farm |
| 32:26 | Create | Villager (Male) |
| 32:27 | Create | Villager (Male) |
Build order — Hamza Khan
First 150 of 338 actions detected
| 0:04 | Create | Villager (Male) |
| 0:06 | Research | Loom |
| 0:06 | Create | Villager (Male) ×3 |
| 0:13 | Build | House |
| 0:14 | Build | House |
| 0:15 | Build | House |
| 0:16 | Build | House |
| 0:16 | Build | House |
| 1:34 | Create | Villager (Male) |
| 2:06 | Create | Villager (Male) |
| 2:39 | Create | Villager (Male) |
| 3:05 | Create | Villager (Male) |
| 3:27 | Create | Villager (Male) |
| 3:53 | Create | Villager (Male) |
| 4:28 | Create | Villager (Male) |
| 4:35 | Create | Villager (Male) |
| 4:59 | Create | Villager (Male) |
| 5:13 | Create | Villager (Male) |
| 5:40 | Create | Villager (Male) |
| 6:08 | Create | Villager (Male) |
| 6:08 | Create | Villager (Male) |
| 6:09 | Create | Villager (Male) |
| 6:37 | Create | Villager (Male) |
| 6:37 | Create | Villager (Male) |
| 7:07 | Build | Lumber Camp |
| 7:51 | Create | Villager (Male) |
| 8:07 | Build | Mill |
| 8:53 | Research | Feudal Age |
| 9:04 | Build | Mining Camp |
| 9:40 | Create | Villager (Male) |
| 9:40 | Create | Villager (Male) |
| 9:40 | Create | Villager (Male) |
| 10:03 | Build | Farm |
| 10:04 | Build | Farm |
| 10:06 | Build | Farm |
| 10:07 | Build | Farm |
| 10:52 | Build | Farm |
| 10:53 | Build | Farm |
| 10:56 | Build | Farm |
| 11:09 | Age | Feudal Age |
| 11:11 | Research | Double-Bit Axe |
| 11:15 | Build | House |
| 11:16 | Build | House |
| 11:17 | Build | House |
| 11:19 | Build | House |
| 11:32 | Research | Wheelbarrow |
| 11:33 | Create | Villager (Male) ×2 |
| 12:08 | Build | Farm |
| 12:16 | Build | House |
| 12:17 | Build | House |
| 12:19 | Build | House |
| 12:36 | Build | Farm |
| 12:38 | Build | Farm |
| 13:02 | Build | Market |
| 13:09 | Create | Villager (Male) |
| 13:10 | Create | Villager (Male) |
| 13:15 | Research | Horse Collar |
| 13:50 | Build | Blacksmith |
| 13:56 | Create | Villager (Male) |
| 13:56 | Create | Villager (Male) |
| 14:13 | Create | Villager (Male) |
| 14:13 | Create | Villager (Male) |
| 14:22 | Build | Farm |
| 14:30 | Build | Farm |
| 14:32 | Build | Farm |
| 14:59 | Build | Mining Camp |
| 15:37 | Build | Barracks |
| 16:01 | Create | Villager (Male) |
| 16:37 | Research | Castle Age |
| 16:56 | Research | Stone Mining |
| 17:06 | Build | Outpost |
| 17:09 | Build | House |
| 17:10 | Build | House |
| 17:17 | Research | Town Watch |
| 17:18 | Create | Villager (Male) |
| 17:41 | Research | Gold Mining |
| 19:00 | Build | Archery Range |
| 19:12 | Create | Spearman ×5 |
| 19:18 | Create | Spearman |
| 19:24 | Age | Castle Age |
| 19:55 | Research | Hand Cart |
| 19:56 | Create | Villager (Male) ×3 |
| 20:12 | Build | Castle |
| 20:20 | Build | House |
| 20:21 | Build | House |
| 20:39 | Research | Pikeman (upgrade) |
| 20:40 | Create | Spearman |
| 20:42 | Create | Skirmisher |
| 21:07 | Create | Spearman ×2 |
| 21:48 | Create | Woad Raider ×3 |
| 22:18 | Build | Siege Workshop |
| 22:25 | Create | Petard |
| 22:26 | Create | Petard |
| 22:26 | Create | Petard |
| 22:46 | Create | Woad Raider |
| 23:02 | Build | Archery Range |
| 23:13 | Create | Villager (Male) ×4 |
| 24:01 | Create | Woad Raider ×3 |
| 24:07 | Create | Spearman |
| 24:10 | Create | Skirmisher |
| 24:10 | Create | Skirmisher |
| 24:11 | Research | Elite Skirmisher (upgrade) |
| 25:22 | Research | Bow Saw |
| 25:24 | Research | Heavy Plow |
| 25:29 | Build | Lumber Camp |
| 25:50 | Create | Petard ×3 |
| 26:08 | Create | Villager (Male) ×5 |
| 26:31 | Create | Battering Ram ×2 |
| 26:38 | Create | Spearman |
| 26:38 | Create | Spearman |
| 26:39 | Create | Spearman |
| 26:50 | Create | Villager (Male) ×4 |
| 27:10 | Create | Battering Ram |
| 27:29 | Build | Farm |
| 27:30 | Build | Farm |
| 27:32 | Build | Mill |
| 27:33 | Build | Farm |
| 27:34 | Build | Farm |
| 27:38 | Build | Farm |
| 27:53 | Research | Arson |
| 27:54 | Create | Spearman ×3 |
| 28:18 | Build | Farm |
| 28:24 | Build | Farm |
| 28:37 | Build | Monastery |
| 28:39 | Build | House |
| 28:40 | Build | House |
| 28:40 | Build | House |
| 28:40 | Build | House |
| 28:41 | Build | House |
| 28:41 | Build | House |
| 28:41 | Build | House |
| 29:28 | Create | Villager (Male) |
| 29:28 | Create | Villager (Male) |
| 29:28 | Create | Villager (Male) |
| 29:29 | Create | Villager (Male) |
| 29:41 | Build | Town Center |
| 30:11 | Create | Villager (Male) |
| 30:11 | Create | Villager (Male) |
| 30:19 | Research | Gold Shaft Mining |
| 30:22 | Research | Stone Shaft Mining |
| 30:26 | Research | Forging |
| 30:26 | Research | Forging |
| 30:27 | Research | Scale Mail Armor |
| 31:06 | Create | Villager (Male) |
| 31:06 | Create | Villager (Male) |
| 31:14 | Create | Villager (Male) ×5 |
| 31:20 | Build | Farm |
| 31:21 | Build | Farm |
| 31:23 | Build | Farm |
| 31:24 | Build | Farm |
Build order — Laboule
First 150 of 230 actions detected
| 0:10 | Build | House |
| 0:12 | Build | House |
| 0:14 | Create | Villager (Male) ×4 |
| 1:40 | Create | Villager (Male) |
| 1:40 | Create | Villager (Male) |
| 2:09 | Create | Villager (Male) |
| 2:27 | Create | Villager (Male) |
| 2:56 | Create | Villager (Male) |
| 3:15 | Build | House |
| 3:17 | Build | House |
| 3:22 | Create | Villager (Male) |
| 3:44 | Build | Mill |
| 3:56 | Create | Villager (Male) |
| 4:13 | Create | Villager (Male) |
| 4:14 | Create | Villager (Male) |
| 4:52 | Create | Villager (Male) |
| 4:55 | Create | Villager (Male) |
| 5:00 | Build | Lumber Camp |
| 5:59 | Create | Villager (Male) |
| 5:59 | Create | Villager (Male) |
| 6:43 | Create | Villager (Male) |
| 7:55 | Create | Villager (Male) |
| 8:08 | Research | Feudal Age |
| 8:49 | Build | House |
| 8:51 | Build | House |
| 9:08 | Create | Villager (Male) ×3 |
| 10:30 | Age | Feudal Age |
| 10:38 | Research | Double-Bit Axe |
| 10:41 | Research | Horse Collar |
| 11:06 | Build | Mining Camp |
| 11:38 | Build | Mining Camp |
| 11:43 | Create | Villager (Male) |
| 11:43 | Create | Villager (Male) |
| 11:54 | Build | Farm |
| 11:55 | Build | Farm |
| 12:11 | Create | Villager (Male) |
| 12:11 | Create | Villager (Male) |
| 13:04 | Create | Villager (Male) |
| 13:05 | Create | Villager (Male) |
| 13:22 | Build | Farm |
| 13:25 | Build | Farm |
| 13:26 | Build | Farm |
| 13:28 | Build | Farm |
| 13:47 | Build | Farm |
| 14:13 | Build | Market |
| 14:20 | Build | Blacksmith |
| 14:29 | Build | Farm |
| 14:31 | Build | Farm |
| 14:32 | Build | Farm |
| 15:20 | Research | Castle Age |
| 15:26 | Build | Farm |
| 15:27 | Build | Farm |
| 15:51 | Research | Stone Mining |
| 16:18 | Research | Gold Mining |
| 16:33 | Build | Lumber Camp |
| 17:21 | Create | Villager (Male) ×5 |
| 18:00 | Age | Castle Age |
| 18:07 | Build | Town Center |
| 18:16 | Research | Bow Saw |
| 18:31 | Build | Castle |
| 18:46 | Build | House |
| 18:48 | Build | House |
| 18:49 | Build | House |
| 18:50 | Build | House |
| 19:02 | Build | Farm |
| 19:16 | Build | Lumber Camp |
| 19:31 | Build | Farm |
| 19:49 | Create | Villager (Male) |
| 19:49 | Create | Villager (Male) |
| 20:20 | Build | Town Center |
| 20:46 | Create | Villager (Male) |
| 20:47 | Create | Villager (Male) |
| 20:55 | Create | Villager (Male) ×5 |
| 21:07 | Build | Siege Workshop |
| 21:13 | Create | Villager (Male) ×5 |
| 21:28 | Create | Woad Raider ×5 |
| 21:33 | Create | Battering Ram |
| 21:42 | Build | Lumber Camp |
| 22:02 | Build | Lumber Camp |
| 22:11 | Create | Villager (Male) |
| 22:11 | Create | Villager (Male) |
| 22:19 | Create | Battering Ram |
| 22:19 | Create | Battering Ram |
| 22:26 | Create | Woad Raider ×4 |
| 22:36 | Build | Barracks |
| 22:52 | Create | Battering Ram |
| 23:25 | Create | Woad Raider ×4 |
| 23:38 | Create | Battering Ram |
| 23:47 | Create | Spearman ×4 |
| 23:57 | Build | Barracks |
| 24:48 | Research | Pikeman (upgrade) |
| 24:55 | Create | Spearman ×4 |
| 26:04 | Create | Spearman ×5 |
| 26:05 | Create | Spearman ×5 |
| 27:33 | Create | Woad Raider ×5 |
| 27:33 | Create | Woad Raider ×5 |
| 27:34 | Create | Woad Raider ×5 |
| 28:28 | Create | Villager (Male) ×5 |
| 28:48 | Build | House |
| 28:49 | Build | House |
| 28:59 | Build | Farm |
| 29:06 | Build | Farm |
| 29:20 | Build | Farm |
| 29:21 | Build | Farm |
| 29:23 | Build | Farm |
| 29:32 | Build | Farm |
| 29:34 | Build | Farm |
| 29:35 | Build | Farm |
| 29:36 | Build | Farm |
| 29:41 | Create | Villager (Male) ×5 |
| 30:10 | Create | Mangonel |
| 30:10 | Create | Mangonel |
| 30:46 | Build | Siege Workshop |
| 31:12 | Research | Wheelbarrow |
| 31:20 | Create | Villager (Male) |
| 31:20 | Create | Villager (Male) |
| 31:20 | Create | Villager (Male) |
| 31:27 | Build | Farm |
| 31:33 | Create | Villager (Male) ×5 |
| 31:39 | Create | Villager (Male) |
| 31:39 | Create | Villager (Male) |
| 31:39 | Create | Villager (Male) |
| 31:40 | Create | Villager (Male) |
| 31:56 | Build | Siege Workshop |
| 33:11 | Build | Farm |
| 33:12 | Build | Farm |
| 33:14 | Build | Farm |
| 33:15 | Build | Farm |
| 33:23 | Build | Farm |
| 33:32 | Build | Farm |
| 33:39 | Research | Imperial Age |
| 33:47 | Build | Farm |
| 33:49 | Research | Forging |
| 33:59 | Create | Mangonel |
| 33:59 | Create | Mangonel |
| 34:19 | Build | Siege Workshop |
| 34:21 | Build | Siege Workshop |
| 34:28 | Build | Siege Workshop |
| 34:31 | Build | Siege Workshop |
| 34:43 | Create | Woad Raider ×5 |
| 34:43 | Create | Woad Raider ×5 |
| 34:44 | Create | Woad Raider ×5 |
| 34:44 | Create | Woad Raider ×3 |
| 35:32 | Create | Spearman ×5 |
| 35:33 | Create | Spearman ×5 |
| 35:33 | Create | Spearman ×5 |
| 35:47 | Build | Barracks |
| 35:48 | Build | Barracks |
| 36:41 | Create | Mangonel |
| 36:41 | Create | Mangonel |
Build order — RedReddington
First 150 of 711 actions detected
| 0:02 | Build | House |
| 0:04 | Build | House |
| 0:08 | Create | Villager (Male) |
| 0:08 | Create | Villager (Male) |
| 0:08 | Create | Villager (Male) |
| 0:30 | Create | Villager (Male) |
| 1:32 | Create | Villager (Male) |
| 1:55 | Build | Lumber Camp |
| 2:05 | Create | Villager (Male) |
| 2:06 | Create | Villager (Male) |
| 2:44 | Create | Villager (Male) |
| 3:32 | Create | Villager (Male) |
| 3:37 | Create | Villager (Male) |
| 3:37 | Create | Villager (Male) |
| 3:37 | Create | Villager (Male) |
| 4:00 | Build | House |
| 4:11 | Create | Villager (Male) |
| 4:11 | Create | Villager (Male) |
| 4:34 | Build | Mill |
| 5:04 | Create | Villager (Male) |
| 5:04 | Create | Villager (Male) |
| 5:41 | Create | Villager (Male) |
| 5:48 | Build | House |
| 6:14 | Create | Villager (Male) |
| 6:23 | Build | House |
| 6:25 | Build | House |
| 6:29 | Create | Villager (Male) |
| 6:49 | Create | Villager (Male) |
| 7:26 | Create | Villager (Male) |
| 7:37 | Create | Villager (Male) |
| 8:26 | Create | Villager (Male) |
| 8:49 | Research | Loom |
| 8:51 | Research | Feudal Age |
| 8:53 | Create | Villager (Male) |
| 9:13 | Create | Villager (Male) |
| 10:09 | Build | Mining Camp |
| 10:11 | Create | Villager (Male) |
| 10:15 | Create | Villager (Male) |
| 10:30 | Build | Lumber Camp |
| 10:33 | Build | Farm |
| 10:33 | Build | Farm |
| 10:33 | Build | Farm |
| 10:34 | Build | Farm |
| 10:34 | Build | Farm |
| 11:03 | Build | Farm |
| 11:07 | Build | Farm |
| 11:52 | Age | Feudal Age |
| 11:58 | Research | Double-Bit Axe |
| 12:15 | Build | Blacksmith |
| 12:34 | Create | Villager (Male) |
| 13:00 | Create | Villager (Male) |
| 13:06 | Build | Market |
| 13:11 | Create | Villager (Male) |
| 13:12 | Create | Villager (Male) |
| 13:29 | Build | Farm |
| 13:58 | Build | Farm |
| 14:05 | Build | Farm |
| 14:22 | Research | Castle Age |
| 14:30 | Build | Barracks |
| 14:45 | Build | House |
| 14:47 | Build | House |
| 14:55 | Build | House |
| 15:01 | Create | Villager (Male) |
| 15:38 | Research | Gold Mining |
| 16:02 | Build | Stable |
| 16:10 | Create | Spearman |
| 16:17 | Create | Villager (Male) |
| 16:43 | Create | Villager (Male) |
| 16:57 | Build | Farm |
| 17:01 | Build | Farm |
| 17:02 | Age | Castle Age |
| 17:03 | Build | Farm |
| 17:09 | Build | Town Center |
| 17:14 | Build | Town Center |
| 17:24 | Create | Villager (Male) |
| 17:25 | Create | Villager (Male) |
| 17:25 | Create | Villager (Male) |
| 17:49 | Create | Knight |
| 17:54 | Create | Spearman |
| 17:57 | Create | Villager (Male) |
| 18:21 | Create | Villager (Male) |
| 18:25 | Create | Villager (Male) |
| 18:45 | Build | Farm |
| 18:45 | Build | Farm |
| 18:45 | Build | Farm |
| 18:46 | Build | Farm |
| 18:46 | Build | Farm |
| 18:46 | Build | Farm |
| 18:46 | Build | Farm |
| 18:48 | Create | Villager (Male) |
| 18:54 | Create | Villager (Male) |
| 19:16 | Build | Farm |
| 19:24 | Create | Spearman |
| 19:26 | Create | Knight |
| 19:51 | Build | Mining Camp |
| 19:53 | Create | Villager (Male) |
| 20:00 | Create | Villager (Male) |
| 20:00 | Create | Villager (Male) |
| 20:00 | Create | Villager (Male) |
| 20:07 | Build | Farm |
| 20:08 | Build | Farm |
| 20:08 | Build | Farm |
| 20:08 | Build | Farm |
| 20:08 | Build | Farm |
| 20:09 | Build | Farm |
| 20:09 | Build | Farm |
| 20:16 | Create | Villager (Male) |
| 20:20 | Create | Villager (Male) |
| 20:20 | Create | Villager (Male) |
| 20:32 | Research | Bow Saw |
| 20:34 | Create | Villager (Male) |
| 20:53 | Create | Villager (Male) |
| 20:57 | Create | Villager (Male) |
| 20:57 | Create | Villager (Male) |
| 21:03 | Build | House |
| 21:04 | Build | House |
| 21:05 | Build | House |
| 21:06 | Build | House |
| 21:08 | Build | House |
| 21:14 | Create | Villager (Male) |
| 21:14 | Create | Villager (Male) |
| 21:15 | Create | Villager (Male) |
| 21:20 | Create | Villager (Male) |
| 21:20 | Create | Villager (Male) |
| 21:29 | Create | Villager (Male) ×2 |
| 21:34 | Create | Knight |
| 21:53 | Create | Villager (Male) |
| 22:03 | Build | Farm |
| 22:03 | Build | Farm |
| 22:04 | Build | Farm |
| 22:04 | Build | Farm |
| 22:04 | Build | Farm |
| 22:04 | Build | Farm |
| 22:05 | Build | Farm |
| 22:07 | Create | Villager (Male) |
| 22:07 | Create | Villager (Male) |
| 22:07 | Create | Villager (Male) |
| 22:11 | Build | Farm |
| 22:11 | Build | Farm |
| 22:11 | Build | Farm |
| 22:11 | Build | Farm |
| 22:12 | Build | Farm |
| 22:12 | Build | Farm |
| 22:12 | Build | Farm |
| 22:14 | Create | Villager (Male) |
| 22:26 | Create | Villager (Male) |
| 22:26 | Create | Villager (Male) |
| 22:26 | Create | Villager (Male) |
| 22:34 | Create | Spearman |
| 22:35 | Create | Knight |
Build order — p.bro
First 150 of 558 actions detected
| 0:09 | Create | Villager (Male) |
| 0:10 | Create | Villager (Male) |
| 0:10 | Create | Villager (Male) |
| 0:10 | Create | Villager (Male) |
| 0:17 | Build | House |
| 0:37 | Build | House |
| 1:48 | Build | Lumber Camp |
| 2:03 | Create | Villager (Male) |
| 2:03 | Create | Villager (Male) |
| 2:03 | Create | Villager (Male) |
| 2:32 | Create | Villager (Male) |
| 2:32 | Create | Villager (Male) |
| 3:00 | Create | Villager (Male) |
| 3:00 | Create | Villager (Male) |
| 3:26 | Create | Villager (Male) |
| 3:26 | Create | Villager (Male) |
| 3:27 | Create | Villager (Male) |
| 4:28 | Create | Villager (Male) |
| 4:28 | Create | Villager (Male) |
| 4:29 | Create | Villager (Male) |
| 5:11 | Build | House |
| 5:37 | Create | Villager (Male) |
| 5:37 | Create | Villager (Male) |
| 5:38 | Create | Villager (Male) |
| 5:38 | Create | Villager (Male) |
| 5:38 | Create | Villager (Male) |
| 5:49 | Create | Villager (Male) |
| 5:49 | Create | Villager (Male) |
| 5:49 | Create | Villager (Male) |
| 6:32 | Create | Villager (Male) |
| 6:32 | Create | Villager (Male) |
| 6:59 | Build | Mill |
| 7:11 | Create | Villager (Male) |
| 7:17 | Build | House |
| 7:35 | Create | Villager (Male) |
| 7:35 | Create | Villager (Male) |
| 8:05 | Create | Villager (Male) |
| 8:48 | Create | Villager (Male) |
| 8:48 | Create | Villager (Male) |
| 9:27 | Create | Villager (Male) |
| 9:31 | Research | Feudal Age |
| 10:09 | Build | House |
| 10:33 | Create | Villager (Male) |
| 10:59 | Build | Mining Camp |
| 11:36 | Create | Villager (Male) |
| 11:57 | Age | Feudal Age |
| 12:05 | Build | Barracks |
| 12:10 | Build | House |
| 12:11 | Build | House |
| 12:13 | Build | House |
| 12:17 | Create | Villager (Male) |
| 12:36 | Build | Farm |
| 12:47 | Build | Farm |
| 12:51 | Build | Farm |
| 12:53 | Build | Farm |
| 12:56 | Build | Farm |
| 13:15 | Build | Farm |
| 13:19 | Build | Farm |
| 13:22 | Research | Double-Bit Axe |
| 13:24 | Research | Horse Collar |
| 13:32 | Create | Villager (Male) |
| 13:32 | Create | Villager (Male) |
| 13:32 | Create | Villager (Male) |
| 13:42 | Build | Farm |
| 13:53 | Build | House |
| 14:26 | Build | Farm |
| 14:40 | Build | Blacksmith |
| 14:55 | Build | Farm |
| 14:58 | Create | Villager (Male) |
| 14:59 | Create | Villager (Male) |
| 14:59 | Create | Villager (Male) |
| 14:59 | Create | Villager (Male) |
| 15:00 | Create | Villager (Male) |
| 15:21 | Build | Market |
| 15:24 | Create | Villager (Male) |
| 15:43 | Build | Mining Camp |
| 15:59 | Create | Villager (Male) |
| 16:39 | Build | Farm |
| 16:51 | Build | Farm |
| 16:52 | Build | Farm |
| 17:34 | Research | Castle Age |
| 17:34 | Research | Castle Age |
| 18:13 | Research | Stone Mining |
| 18:42 | Build | Farm |
| 18:56 | Create | Trade Cart |
| 18:56 | Create | Trade Cart |
| 18:56 | Create | Trade Cart |
| 18:57 | Create | Trade Cart |
| 18:57 | Create | Trade Cart |
| 18:57 | Create | Trade Cart |
| 19:27 | Create | Villager (Male) |
| 19:28 | Create | Villager (Male) |
| 19:28 | Create | Villager (Male) |
| 19:29 | Create | Villager (Male) |
| 19:29 | Create | Villager (Male) |
| 19:29 | Create | Villager (Male) |
| 19:30 | Create | Villager (Male) |
| 19:30 | Create | Villager (Male) |
| 19:44 | Build | House |
| 19:46 | Build | House |
| 19:49 | Build | House |
| 19:54 | Build | House |
| 19:56 | Build | House |
| 20:10 | Create | Villager (Male) |
| 20:14 | Age | Castle Age |
| 20:20 | Research | Bow Saw |
| 20:32 | Build | Town Center |
| 20:51 | Create | Villager (Male) |
| 20:54 | Research | Loom |
| 21:11 | Build | Farm |
| 22:01 | Build | Farm |
| 22:06 | Research | Heavy Plow |
| 22:36 | Build | Farm |
| 22:42 | Create | Villager (Male) |
| 22:44 | Create | Villager (Male) |
| 22:44 | Create | Villager (Male) |
| 22:44 | Create | Villager (Male) |
| 22:45 | Create | Villager (Male) |
| 22:45 | Create | Villager (Male) |
| 22:45 | Create | Villager (Male) |
| 22:45 | Create | Villager (Male) |
| 22:46 | Create | Villager (Male) |
| 22:46 | Create | Villager (Male) |
| 22:46 | Create | Villager (Male) |
| 23:15 | Build | Castle |
| 23:22 | Create | Villager (Male) |
| 23:23 | Create | Villager (Male) |
| 24:05 | Research | Wheelbarrow |
| 24:40 | Build | Town Center |
| 24:48 | Research | Fletching |
| 24:49 | Research | Padded Archer Armor |
| 24:58 | Build | Farm |
| 25:15 | Create | Longbowman |
| 25:15 | Create | Longbowman |
| 25:15 | Create | Longbowman |
| 25:16 | Create | Longbowman |
| 25:16 | Create | Longbowman |
| 25:16 | Create | Longbowman |
| 25:16 | Create | Longbowman |
| 25:17 | Create | Longbowman |
| 25:17 | Create | Longbowman |
| 25:17 | Create | Longbowman |
| 25:18 | Create | Longbowman |
| 25:18 | Create | Longbowman |
| 25:37 | Build | Lumber Camp |
| 25:43 | Create | Villager (Male) |
| 25:44 | Create | Villager (Male) |
| 25:44 | Create | Villager (Male) |
| 25:44 | Create | Villager (Male) |
| 25:44 | Create | Villager (Male) |
Build order — kriss1511
First 150 of 348 actions detected
| 0:01 | Create | Villager (Male) |
| 0:01 | Create | Villager (Male) |
| 0:01 | Create | Villager (Male) |
| 0:02 | Create | Villager (Male) |
| 0:02 | Create | Villager (Male) |
| 0:04 | Build | House |
| 0:07 | Build | House |
| 1:30 | Create | Villager (Male) |
| 2:26 | Create | Villager (Male) |
| 2:49 | Create | Villager (Male) |
| 2:50 | Create | Villager (Male) |
| 3:23 | Build | Lumber Camp |
| 3:31 | Create | Villager (Male) |
| 3:33 | Create | Villager (Male) |
| 3:35 | Create | Villager (Male) |
| 3:53 | Build | House |
| 4:50 | Create | Villager (Male) |
| 4:51 | Create | Villager (Male) |
| 5:05 | Create | Villager (Male) |
| 5:14 | Build | Mill |
| 5:17 | Create | Villager (Male) |
| 5:50 | Build | House |
| 6:00 | Create | Villager (Male) |
| 6:53 | Create | Villager (Male) |
| 7:07 | Build | Farm |
| 7:16 | Build | Farm |
| 7:32 | Research | Feudal Age |
| 7:48 | Create | Villager (Male) |
| 9:15 | Create | Villager (Male) |
| 9:17 | Create | Villager (Male) |
| 9:37 | Build | Farm |
| 9:42 | Age | Feudal Age |
| 9:43 | Research | Double-Bit Axe |
| 9:45 | Research | Horse Collar |
| 10:10 | Build | Farm |
| 10:16 | Create | Villager (Male) |
| 10:20 | Build | Farm |
| 10:29 | Build | Farm |
| 10:32 | Build | Farm |
| 10:39 | Create | Villager (Male) |
| 10:47 | Build | House |
| 10:49 | Build | House |
| 10:50 | Build | House |
| 11:13 | Create | Villager (Male) |
| 11:29 | Build | Market |
| 11:35 | Create | Villager (Male) |
| 11:39 | Create | Villager (Male) |
| 11:58 | Build | Mining Camp |
| 12:06 | Build | House |
| 12:07 | Build | House |
| 12:10 | Build | House |
| 12:14 | Create | Villager (Male) |
| 12:22 | Build | Farm |
| 12:30 | Create | Villager (Male) |
| 12:53 | Create | Villager (Male) |
| 13:14 | Build | Blacksmith |
| 13:47 | Create | Villager (Male) |
| 14:00 | Build | Mining Camp |
| 14:13 | Build | Farm |
| 14:22 | Research | Gold Mining |
| 14:28 | Build | Farm |
| 14:46 | Build | Lumber Camp |
| 14:53 | Build | Mining Camp |
| 15:03 | Research | Castle Age |
| 15:05 | Create | Villager (Male) |
| 15:07 | Create | Villager (Male) |
| 15:29 | Create | Villager (Male) |
| 15:40 | Create | Trade Cart |
| 15:50 | Create | Villager (Male) |
| 16:09 | Build | Barracks |
| 16:16 | Create | Villager (Male) |
| 16:35 | Build | House |
| 16:36 | Build | House |
| 16:37 | Build | House |
| 16:38 | Build | House |
| 16:45 | Build | House |
| 16:46 | Build | House |
| 17:41 | Research | Wheelbarrow |
| 17:43 | Age | Castle Age |
| 18:28 | Build | Town Center |
| 18:49 | Build | Farm |
| 18:52 | Create | Villager (Male) |
| 19:07 | Create | Villager (Male) |
| 19:16 | Research | Bow Saw |
| 19:20 | Create | Villager (Male) |
| 19:40 | Create | Villager (Male) |
| 19:57 | Build | Stable |
| 20:05 | Research | Town Watch |
| 20:08 | Create | Villager (Male) |
| 20:48 | Research | Squires |
| 20:52 | Research | Arson |
| 21:04 | Build | House |
| 21:05 | Build | House |
| 21:09 | Create | Villager (Male) |
| 21:13 | Create | Villager (Male) |
| 21:14 | Create | Villager (Male) |
| 21:14 | Create | Villager (Male) |
| 21:14 | Create | Villager (Male) |
| 21:17 | Create | Villager (Male) |
| 21:17 | Create | Villager (Male) |
| 21:36 | Build | Archery Range |
| 21:44 | Create | Camel Scout |
| 21:50 | Build | Farm |
| 22:06 | Build | Farm |
| 22:13 | Create | Villager (Male) |
| 22:23 | Build | Farm |
| 22:27 | Create | Camel Scout ×3 |
| 22:36 | Build | Farm |
| 22:58 | Build | University |
| 23:06 | Build | Farm |
| 23:08 | Create | Villager (Male) |
| 23:23 | Build | Farm |
| 23:30 | Research | Bloodlines |
| 23:51 | Build | Stable |
| 23:55 | Research | Husbandry |
| 23:58 | Build | Farm |
| 24:05 | Create | Villager (Male) |
| 24:14 | Build | Town Center |
| 24:20 | Create | Camel Scout ×2 |
| 24:27 | Build | Farm |
| 24:30 | Create | Villager (Male) |
| 24:30 | Create | Villager (Male) |
| 24:56 | Create | Camel Scout ×3 |
| 24:56 | Create | Camel Scout ×3 |
| 25:30 | Research | Scale Barding Armor |
| 25:34 | Research | Ballistics |
| 26:04 | Build | Farm |
| 26:06 | Build | Farm |
| 26:08 | Build | Farm |
| 26:09 | Build | Farm |
| 26:57 | Create | Villager (Male) |
| 26:58 | Create | Villager (Male) |
| 26:58 | Create | Villager (Male) |
| 27:00 | Create | Villager (Male) |
| 27:00 | Create | Villager (Male) |
| 27:01 | Research | Hand Cart |
| 27:53 | Build | Farm |
| 27:57 | Build | Farm |
| 28:00 | Research | Heavy Plow |
| 28:03 | Research | Stone Mining |
| 28:14 | Build | Castle |
| 28:38 | Create | Camel Scout ×5 |
| 28:38 | Create | Camel Scout ×5 |
| 28:38 | Create | Camel Scout ×5 |
| 28:38 | Create | Camel Scout |
| 28:40 | Create | Camel Scout |
| 28:48 | Build | Farm |
| 28:53 | Create | Trade Cart ×5 |
| 29:08 | Research | Fortified Wall (upgrade) |
| 29:20 | Create | Villager (Male) |
Build order — slotti
First 150 of 320 actions detected
| 0:03 | Create | Villager (Male) ×5 |
| 0:03 | Create | Villager (Male) |
| 0:07 | Build | House |
| 0:12 | Build | House |
| 0:18 | Build | House |
| 0:23 | Build | House |
| 1:50 | Create | Villager (Male) |
| 1:50 | Create | Villager (Male) |
| 2:52 | Build | Mill |
| 2:58 | Create | Villager (Male) |
| 2:58 | Create | Villager (Male) |
| 2:59 | Create | Villager (Male) |
| 3:15 | Create | Villager (Male) |
| 3:16 | Create | Villager (Male) |
| 3:35 | Build | House |
| 3:46 | Create | Villager (Male) |
| 3:46 | Create | Villager (Male) |
| 4:21 | Build | Mill |
| 4:28 | Create | Villager (Male) |
| 4:28 | Create | Villager (Male) |
| 4:28 | Create | Villager (Male) |
| 4:56 | Create | Villager (Male) |
| 4:59 | Create | Villager (Male) |
| 5:00 | Create | Villager (Male) |
| 5:32 | Build | House |
| 5:48 | Create | Villager (Male) |
| 5:48 | Create | Villager (Male) |
| 5:49 | Create | Villager (Male) |
| 5:49 | Create | Villager (Male) |
| 5:50 | Create | Villager (Male) |
| 7:14 | Create | Villager (Male) |
| 7:15 | Create | Villager (Male) |
| 7:15 | Create | Villager (Male) |
| 7:59 | Build | House |
| 8:12 | Build | Lumber Camp |
| 8:25 | Build | Lumber Camp |
| 8:57 | Create | Villager (Male) |
| 8:58 | Create | Villager (Male) |
| 9:01 | Research | Loom |
| 9:29 | Research | Feudal Age |
| 10:15 | Build | Mining Camp |
| 10:27 | Build | Farm |
| 10:31 | Build | Farm |
| 10:38 | Build | Farm |
| 10:41 | Build | Farm |
| 10:50 | Build | Mining Camp |
| 10:59 | Build | Farm |
| 12:06 | Build | House |
| 12:13 | Create | Villager (Male) |
| 12:13 | Create | Villager (Male) |
| 12:14 | Create | Villager (Male) |
| 12:33 | Age | Feudal Age |
| 12:46 | Build | Blacksmith |
| 13:08 | Build | Market |
| 13:26 | Create | Villager (Male) |
| 13:31 | Build | House |
| 13:33 | Build | House |
| 13:50 | Build | Farm |
| 13:52 | Build | Farm |
| 14:06 | Build | Farm |
| 14:16 | Create | Villager (Male) |
| 14:28 | Research | Castle Age |
| 14:49 | Build | Farm |
| 14:59 | Build | Farm |
| 15:25 | Research | Horse Collar |
| 15:31 | Research | Gold Mining |
| 15:33 | Research | Stone Mining |
| 15:36 | Research | Double-Bit Axe |
| 16:35 | Research | Wheelbarrow |
| 16:35 | Research | Town Watch |
| 16:36 | Create | Villager (Male) |
| 17:21 | Age | Castle Age |
| 17:27 | Build | Town Center |
| 17:41 | Create | Villager (Male) ×4 |
| 17:52 | Build | Monastery |
| 18:06 | Build | Monastery |
| 18:14 | Create | Villager (Male) ×4 |
| 18:15 | Create | Villager (Male) |
| 18:15 | Create | Villager (Male) |
| 18:58 | Build | Barracks |
| 19:43 | Create | Villager (Male) ×5 |
| 19:47 | Create | Villager (Male) |
| 20:04 | Create | Monk |
| 20:04 | Create | Monk |
| 20:38 | Build | Castle |
| 20:53 | Build | Castle |
| 21:31 | Build | House |
| 21:32 | Build | House |
| 21:34 | Build | House |
| 21:35 | Build | House |
| 22:02 | Build | Town Center |
| 22:10 | Build | House |
| 22:14 | Build | House |
| 22:24 | Build | Mining Camp |
| 22:40 | Build | Mining Camp |
| 22:58 | Research | Pikeman (upgrade) |
| 22:59 | Create | Spearman ×5 |
| 23:10 | Build | Stable |
| 23:14 | Research | Town Patrol |
| 23:20 | Create | Villager (Male) |
| 23:21 | Create | Villager (Male) |
| 23:21 | Create | Villager (Male) |
| 23:21 | Create | Villager (Male) |
| 23:32 | Build | University |
| 23:38 | Research | Heavy Plow |
| 23:47 | Create | Villager (Male) ×2 |
| 24:11 | Create | Knight |
| 24:21 | Create | Leitis |
| 24:38 | Create | Leitis |
| 24:38 | Create | Leitis |
| 25:01 | Research | Man-at-Arms (upgrade) |
| 25:28 | Build | Archery Range |
| 26:09 | Create | Leitis ×3 |
| 26:37 | Build | Castle |
| 26:48 | Create | Villager (Male) ×4 |
| 26:56 | Build | Farm |
| 26:58 | Build | Farm |
| 27:02 | Build | Farm |
| 27:04 | Build | Farm |
| 27:10 | Build | Farm |
| 27:18 | Build | Farm |
| 27:23 | Build | Farm |
| 27:24 | Build | Farm |
| 27:26 | Build | Farm |
| 27:33 | Build | Farm |
| 27:37 | Build | Farm |
| 27:39 | Build | Farm |
| 27:41 | Build | Farm |
| 28:42 | Create | Monk |
| 28:42 | Create | Monk |
| 28:56 | Research | Hand Cart |
| 28:57 | Create | Villager (Male) ×5 |
| 28:57 | Create | Villager (Male) ×5 |
| 29:05 | Build | Mining Camp |
| 29:13 | Create | Villager (Male) ×2 |
| 29:36 | Build | Stable |
| 29:38 | Build | Stable |
| 29:40 | Build | Barracks |
| 29:42 | Build | Barracks |
| 30:06 | Build | Castle |
| 30:16 | Create | Leitis ×5 |
| 30:16 | Create | Leitis ×5 |
| 32:04 | Build | Archery Range |
| 32:05 | Build | Archery Range |
| 32:09 | Build | Archery Range |
| 32:54 | Research | Imperial Age |
| 32:56 | Create | Villager (Male) ×5 |
| 32:56 | Create | Villager (Male) ×5 |
| 32:57 | Create | Villager (Male) ×5 |
| 32:57 | Create | Villager (Male) |
Match timeline
| 9:42 | kriss1511 · age_up feudal |
| 10:30 | Laboule · age_up feudal |
| 11:08 | -=Kristallin=- · first_building Barracks |
| 11:09 | Hamza Khan · age_up feudal |
| 11:52 | RedReddington · age_up feudal |
| 11:57 | p.bro · age_up feudal |
| 12:05 | p.bro · first_building Barracks |
| 12:33 | slotti · age_up feudal |
| 12:45 | -=Kristallin=- · age_up feudal |
| 13:30 | Boyka · age_up feudal |
| 13:55 | -=Kristallin=- · first_building Archery Range |
| 14:30 | RedReddington · first_building Barracks |
| 15:37 | Hamza Khan · first_building Barracks |
| 16:02 | RedReddington · first_building Stable |
| 16:09 | kriss1511 · first_building Barracks |
| 17:02 | RedReddington · age_up castle |
| 17:09 | p.bro · first_market_sell 100 wood |
| 17:10 | p.bro · first_market_buy 100 food |
| 17:21 | slotti · age_up castle |
| 17:27 | Boyka · age_up castle |
| 17:33 | Boyka · first_building Monastery |
| 17:43 | kriss1511 · age_up castle |
| 17:52 | slotti · first_building Monastery |
| 18:00 | Laboule · age_up castle |
| 18:31 | Laboule · first_building Castle |
| 18:58 | slotti · first_building Barracks |
| 19:00 | Hamza Khan · first_building Archery Range |
| 19:24 | Hamza Khan · age_up castle |
| 19:57 | kriss1511 · first_building Stable |
| 20:12 | Hamza Khan · first_building Castle |
| 20:14 | p.bro · age_up castle |
| 20:17 | Boyka · first_building Barracks |
| 20:31 | RedReddington · first_market_buy 100 food |
| 20:38 | slotti · first_building Castle |
| 21:07 | Laboule · first_building Siege Workshop |
| 21:36 | Boyka · age_up imperial |
| 21:36 | kriss1511 · first_building Archery Range |
| 21:41 | -=Kristallin=- · age_up castle |
| 21:56 | Boyka · first_building Archery Range |
| 22:12 | -=Kristallin=- · first_building Siege Workshop |
| 22:18 | Hamza Khan · first_building Siege Workshop |
| 22:36 | Laboule · first_building Barracks |
| 22:52 | RedReddington · first_building Siege Workshop |
| 23:10 | slotti · first_building Stable |
| 23:15 | p.bro · first_building Castle |
| 24:24 | Boyka · first_building Siege Workshop |
| 25:28 | slotti · first_building Archery Range |
| 27:34 | Boyka · first_building Castle |
| 28:14 | kriss1511 · first_building Castle |
| 28:15 | -=Kristallin=- · first_building Monastery |
| 28:25 | -=Kristallin=- · first_market_sell 100 wood |
| 28:29 | -=Kristallin=- · first_market_buy 100 stone |
| 28:37 | Hamza Khan · first_building Monastery |
| 29:21 | RedReddington · wall_segment Stone Wall x6 |
| 30:20 | kriss1511 · first_market_sell 100 wood |
| 30:22 | kriss1511 · first_market_buy 100 food |
| 31:50 | kriss1511 · first_building Siege Workshop |
| 35:42 | Hamza Khan · age_up imperial |
| 36:04 | slotti · age_up imperial |
| 36:31 | kriss1511 · wall_segment Stone Wall x5 |
| 36:52 | Laboule · age_up imperial |
| 37:38 | p.bro · age_up imperial |
| 37:52 | Boyka · first_market_sell 100 food |
| 37:55 | Boyka · first_market_buy 100 wood |
| 37:59 | slotti · first_market_buy 500 food |
| 38:36 | RedReddington · first_building Monastery |
| 40:33 | Hamza Khan · first_market_sell 500 wood |
| 40:44 | kriss1511 · age_up imperial |
| 41:03 | slotti · first_building Siege Workshop |
| 41:44 | -=Kristallin=- · first_building Castle |
| 42:04 | slotti · tribute_sent a jugador 1 |
| 42:04 | slotti · tribute_sent a jugador 2 |
| 42:04 | slotti · tribute_sent a jugador 3 |
| 42:04 | slotti · tribute_sent a jugador 4 |
| 42:04 | slotti · tribute_sent a jugador 5 |
| 42:04 | slotti · tribute_sent a jugador 6 |
| 42:04 | slotti · tribute_sent a jugador 7 |
| 43:31 | -=Kristallin=- · wall_segment Stone Wall x4 |
| 43:46 | -=Kristallin=- · wall_segment Stone Wall x3 |
| 44:27 | RedReddington · first_building Castle |
| 45:30 | p.bro · wall_segment Stone Wall x10 |
| 47:29 | p.bro · first_building Archery Range |
| 49:27 | RedReddington · age_up imperial |
| 50:11 | Hamza Khan · first_building Stable |
| 53:22 | -=Kristallin=- · age_up imperial |
| 54:52 | RedReddington · first_market_sell 100 wood |
| 56:12 | Laboule · resign |
| 57:03 | Boyka · tribute_sent a jugador 1 |
| 57:03 | Boyka · tribute_sent a jugador 2 |
| 57:03 | Boyka · tribute_sent a jugador 3 |
| 57:03 | Boyka · tribute_sent a jugador 4 |
| 57:03 | Boyka · tribute_sent a jugador 5 |
| 57:03 | Boyka · tribute_sent a jugador 7 |
| 57:03 | Boyka · tribute_sent a jugador 8 |
[ AI ANALYSIS · 1 CREDIT ]
What really happened in this match?
Wolo.gg analyzes every decision: build order, eco, micro, common mistakes by bracket. Personalized analysis on WhatsApp or Discord in 30 seconds.
Civ guide
Portuguese
Perfil
Jugador #4875443